 Dungeon Crawl Stone Soup version 0.31.0-32-g396128a36d (webtiles) character file.

Game seed: 4917681540315104557

1619 EnigmaRapture the Changeling (level 8, -1/57 HPs)
             Began as an Octopode Shapeshifter on Mar 26, 2024.
             Was an Initiate of Wu Jian.
             Slain by a two-headed ogre
             ... wielding a +0 giant club
              (11 damage)
             ... on level 7 of the Dungeon.
             The game lasted 00:09:43 (5848 turns).

EnigmaRapture the Changeling (OpSh)                 Turns: 5848, Time: 00:09:44

Health: -1/57      AC:  1    Str: 13    XL:     8   Next: 96%
Magic:  8/8        EV: 17    Int: 14    God:    Wu Jian [......]
Gold:   347        SH:  0    Dex: 12    Spells: 7/7 levels left

rFire   . . .        a - melded +3 dagger (venom)
rCold   . . .        (shield currently unavailable)
rNeg    . . .        (helmet restricted)
rPois   .            k - amulet of faith {!P}
rElec   .            Z - ring of wizardry
rCorr   .            (no ring)
SInv    .            (no ring)
Will    .....        (no ring)
Stlth   +            (no ring)
HPRegen 0.29/turn    (no ring)
MPRegen 0.11/turn    (no ring)
                     (no ring)

%: faith, wizardry (x1)
@: brilliant, flux-form, glowing
A: glow, contaminating, almost no armour, amphibious, 8 rings, camouflage 1,
gelatinous body 1, (nimble swimmer 1), tentacles
a: Begin Untransformation, Renounce Religion


You were on level 7 of the Dungeon.
You worshipped Wu Jian.
Wu Jian was noncommittal.
You were something dangerously unstable.
You visited 2 branches of the dungeon, and saw 8 of its levels.
You also visited: Sewer.

You collected 347 gold pieces.


Innate Abilities, Weirdness & Mutations

You are something dangerously unstable.
You glow with magical radiation, making you easy to see and hit.
Foes you strike become dangerously contaminated with magical radiation.
You are incapable of wielding weapons or throwing items.
You cannot wear most types of armour.
You are amphibious.
You can wear up to eight rings at the same time.
Your skin changes colour to match your surroundings (Stealth+).
Your rubbery body absorbs attacks. (AC +1, EV +1)
((You are camouflaged when in or above water. (Stealth+)))
You have tentacles for arms and can constrict up to eight enemies at once.


   Skills:
 - Level 6.0 Fighting
 - Level 2.0 Dodging
 + Level 6.4 Unarmed Combat
 + Level 7.3 Shapeshifting


You had 7 spell levels left.
You didn't know any spells.
Your spell library contained the following spells:

 Spells                   Type           Power      Damage    Failure   Level
 Magic Dart               Conj           0%         1d3       12%         1
 Blink                    Tloc           0%         N/A       17%         2
 Call Imp                 Summ           0%         N/A       17%         2
 Dazzling Flash           Conj/Hex       0%         N/A       32%         3
 Mephitic Cloud           Conj/Alch/Air  0%         N/A       32%         3
 Curse of Agony           Necr           0%         N/A       95%         5
 Silence                  Hex/Air        0%         N/A       95%         5

Inventory:

Hand Weapons
 a - a +3 dagger of venom (melded)
Missiles
 z - 4 curare-tipped darts {=f}
Magical Staves
 r - a staff of conjuration {!a}
Jewellery
 k - an amulet of faith (around mantle) {!P}
 C - a ring of ice
 Z - a ring of wizardry (left tentacle)
Talismans
 b - a beast talisman
 c - a flux talisman (active)
Wands
 t - a wand of charming (2)
 v - a wand of mindburst (18)
Scrolls
 e - a scroll of immolation {unknown}
 f - 6 scrolls of identify {unknown}
 g - 3 scrolls of fear {unknown}
 h - a scroll of silence {unknown}
 j - 2 scrolls of enchant armour {unknown}
 l - a scroll of noise {unknown}
 m - 3 scrolls of amnesia {unknown}
 n - 4 scrolls of enchant weapon {unknown}
 o - a scroll of brand weapon {unknown}
 w - a scroll of revelation {unknown}
 y - a scroll of fog {unknown}
Potions
 d - a potion of enlightenment {unknown}
 i - 4 potions of curing {unknown}
 p - 3 potions of degeneration {unknown}
 q - 2 potions of brilliance
 s - 2 potions of ambrosia {unknown}
 x - a potion of might {unknown}
 A - a potion of magic {unknown}
 B - a potion of mutation {unknown}

Dungeon Overview and Level Annotations

Branches:
Dungeon (7/15)             Temple (1/1) D:5           Sewer (visited)

Altars:
Elyvilon
Fedhas
Hepliaklqana
Kikubaaqudgha
Makhleb
Nemelex Xobeh
Okawaru
Qazlal
Ru
Sif Muna
Trog
Vehumet
Wu Jian
Xom
Yredelemnul
Zin
The Shining One

Annotations:
D:6 2 transporters, Dungobob's ghost, novice MiFi
Temple 2 transporters

..# ... ####
..
.........#..
..o...#O#.#
.....#p#.#
....#.#.#
##...#.#.#
#...##.#.#
##....#.#.#
#....†#.#.#
#.<###..# #
#### ##.#
###


You could see a two-headed ogre (contam, misshapen).


Message History

The Council accepts your kill.
You start resting.
A two-headed ogre comes into view.
It is wielding a +0 giant club and a +0 giant spiked club.
A two-headed ogre is nearby!
It was a potion of brilliance.
You feel clever all of a sudden.
The two-headed ogre shouts in stereo!
You hear a shout! x2
Unknown command.
You tentacle-slap the two-headed ogre.
The two-headed ogre begins to glow.
You squeeze the two-headed ogre.
The two-headed ogre is lightly wounded.
The two-headed ogre hits you with a +0 giant club!!
* * * LOW HITPOINT WARNING * * *
The two-headed ogre closely misses you.
You tentacle-slap the two-headed ogre.
The two-headed ogre glows dangerously bright.
You squeeze the two-headed ogre.
The two-headed ogre is lightly wounded.
The two-headed ogre barely misses you. x2
You tentacle-slap the two-headed ogre.
The two-headed ogre shudders as magic cascades through it!
The two-headed ogre twists and deforms.
The two-headed ogre is heavily wounded.
Unknown command.
You tentacle-slap the two-headed ogre.
The two-headed ogre begins to glow.
You squeeze the two-headed ogre.
The two-headed ogre is severely wounded.
The two-headed ogre barely misses you.
The two-headed ogre hits you with a +0 giant spiked club!
You die...

Skill      XL: |  1  2  3  4  5  6  7  8 |
---------------+-------------------------+-----
Fighting       | 2 3 4 5 6 |  6.0
Shapeshifting  | 4 5 6 7 |  7.3
Unarmed Combat | 6 |  6.4
Dodging        | |  2.0

Action                     |  1- 3 |  4- 6 |  7- 9 || total
---------------------------+-------+-------+-------++-------
  Melee: Unarmed           |    74 |    10 |    31 ||   115
         Constrict         |    24 |    29 |    30 ||    83
         Tentacles         |     9 |    20 |    33 ||    62
         Punch             |     1 |     1 |     3 ||     5
         Dagger            |       |    85 |   102 ||   187
Ability: Lunge             |       |       |     2 ||     2
    Use: Potion            |     1 |       |     2 ||     3
   Stab: Sleeping          |     4 |     6 |     2 ||    12
         Distracted        |       |       |     1 ||     1
 Armour: Skin              |    38 |    53 |    57 ||   148
  Dodge: Dodged            |    61 |    39 |    80 ||   180
   Form: Flux              |       |       |     1 ||     1

Levels and vault maps discovered:
D:1:      dpeg_chamrin_arrival_tetris, layout_basic, serial_bayou_ford_a,
          serial_bayou_pond_d, minmay_fountain_box,
          hangedman_decor_diamond_cutter
D:2:      layout_loops_ring, uniq_robin
D:3:      layout_rooms, demons_altar, nicolae_figureground_pulse
D:4:      layout_cave_pods, mainiacjoe_sewer_entry_somewhere_in_here_2,
          kennysheep_generic_room_4, uniq_grinder
D:5:      layout_rooms, temple_hall
D:6:      layout_loops_corners, mainiacjoe_overflow_small_starburst,
          gammafunk_ghost_smash, serial_shops, shop,
          nicolae_twisty_statue_hallways, uniq_sigmund
D:7:      layout_cave_pools, mainiacjoe_overflow_six_doors_small, serial_shops,
          shop, gammafunk_ghost_split, lightli_bailey_entry_fortress,
          serial_co_window_serial, co_window_paths_b, co_window_paths_b,
          co_window_paths_a, co_window_corner_a, co_window_corner_a,
          co_window_broadway_b, co_window_paths_c, co_window_corner_cb,
          co_window_2corner, co_window_of_opportunity_b, co_window_4corner_b,
          glass_columns_a, glass_columns_b, glass_columns_b
Temple:   hellmonk_temple_divided_pantheon

Notes
Turn   | Place    | Note
-------+----------+-------------------------------------------
     0 | D:1      | EnigmaRapture the Octopode Shapeshifter began the quest for
                  | the Orb.
     0 | D:1      | Reached XP level 1. HP: 13/13 MP: 1/1
   392 | D:1      | Reached skill level 2 in Fighting
   392 | D:1      | Reached XP level 2. HP: 16/19 MP: 2/2
   867 | D:2      | Reached XP level 3. HP: 25/25 MP: 3/3
   876 | D:2      | Reached skill level 3 in Fighting
  1272 | D:2      | You fall into a shaft and drop 1 floor!
  1330 | D:2      | Noticed Robin
  1362 | D:2      | Killed Robin
  1363 | D:2      | Reached XP level 4. HP: 18/33 MP: 4/4
  1617 | D:2      | Reached skill level 4 in Fighting
  2475 | D:3      | Found a burning altar of Makhleb.
  2747 | D:4      | Noticed a scorpion
  2751 | D:4      | Killed a scorpion
  2752 | D:4      | Reached skill level 4 in Shapeshifting
  2752 | D:4      | Reached XP level 5. HP: 31/37 MP: 5/5
  2968 | D:4      | Reached XP level 6. HP: 12/44 MP: 6/6
  2970 | D:4      | Found a glowing drain.
  3003 | Sewer    | Entered a sewer
  3124 | Sewer    | Reached skill level 5 in Fighting
  3344 | D:4      | Reached skill level 5 in Shapeshifting
  3347 | D:4      | Reached XP level 7. HP: 34/50 MP: 7/7
  3484 | D:4      | Noticed Grinder
  3499 | D:4      | Killed Grinder
  3500 | D:4      | Reached skill level 6 in Fighting
  4252 | D:5      | Entered Level 5 of the Dungeon
  4299 | D:5      | Reached skill level 6 in Shapeshifting
  4333 | D:5      | Reached XP level 8. HP: 27/57 MP: 8/8
  4581 | D:5      | Reached skill level 4 in Unarmed Combat
  4886 | D:5      | Reached skill level 7 in Shapeshifting
  5174 | D:5      | Found a staircase to the Ecumenical Temple.
  5289 | Temple   | Found a transporter.
  5289 | Temple   | Found a transporter.
  5289 | Temple   | Found a transporter.
  5289 | Temple   | Found a transporter.
  5289 | Temple   | Entered the Ecumenical Temple
  5332 | Temple   | Became a worshipper of the Wu Jian Council
  5463 | D:6      | Noticed Dungobob's ghost (novice MiFi)
  5464 | D:6      | Found a transporter.
  5466 | D:6      | Noticed a two-headed ogre
  5471 | D:6      | Found a transporter.
  5484 | D:6      | Found a sparkling altar of Nemelex Xobeh.
  5504 | D:6      | Reached skill level 5 in Unarmed Combat
  5772 | D:7      | Reached skill level 6 in Unarmed Combat
  5843 | D:7      | Noticed a two-headed ogre
  5848 | D:7      | Slain by a two-headed ogre

Vanquished Creatures
  Grinder (D:4)
  A black bear (D:6)
  A crocodile (Sewer)
  2 phantoms (D:5)
  A brain worm (Sewer)
  A bullfrog (D:6)
  2 scorpions
  6 killer bees (D:7)
  A howler monkey (D:4)
  2 jellies
  2 orc priests
  2 hounds (D:6)
  A sleepcap (D:5)
  5 orc wizards
  An iguana (D:5)
  Robin (D:2)
  3 gnolls (D:5)
  A river rat (D:4)
  6 adders
  2 ribbon worms
  3 dart slugs
  18 orcs
  3 ball pythons (D:4)
  5 bats
  3 endoplasms (D:1)
  5 giant cockroaches
  14 goblins
  8 hobgoblins
  2 jackals (D:1)
  8 kobolds
  2 quokkas
  3 frilled lizards
  7 rats
123 creatures vanquished.

Table legend: (Time is in decaauts)
 A = Elapsed time spent in this place.
 B = Non-inter-level travel time spent in this place.
 C = Inter-level travel time spent in this place.
 D = Time resting spent in this place.
 E = Time spent auto-exploring this place.
 F = Levels seen in this place.
 G = Mean time per level.
                   A        B        C        D        E       F      G
               +--------+--------+--------+--------+--------+-----+--------+
         Total |   5824 |   5617 |    207 |    832 |   3860 |   9 |  647.1 |
       Dungeon |   5464 |   5269 |    195 |    610 |   3828 |   7 |  780.6 |
        Temple |     61 |     49 |     12 |      0 |      0 |   1 |   61.0 |
         Sewer |    298 |    298 |      0 |    222 |     32 |   1 |  298.0 |
               +--------+--------+--------+--------+--------+-----+--------+

Top non-repeatable levels by time:
     D:4: 1409 daAuts
     D:2: 1087 daAuts
     D:5: 1085 daAuts
     D:1: 847 daAuts
     D:3: 603 daAuts
     D:6: 352 daAuts
   Sewer: 298 daAuts
     D:7: 78 daAuts
  Temple: 61 daAuts

Table legend:
 A = Non-vault XP
 B = Vault XP
 C = Vault XP percentage of total XP
 D = Non-vault monster count
 E = Vault monster count
 F = Vault count percentage of total count
                 A         B        C        D         E       F
            +---------+---------+-------+---------+---------+-------
      Total |    1674 |     639 |  27.6 |     100 |      23 |  18.7
            +---------+---------+-------+---------+---------+-------
        D:1 |      33 |       0 |   0.0 |      17 |       0 |   0.0
        D:2 |      48 |      30 |  38.5 |      15 |       9 |  37.5
        D:3 |      21 |       0 |   0.0 |      11 |       0 |   0.0
        D:4 |     233 |     385 |  62.3 |      26 |       9 |  25.7
        D:5 |     630 |       0 |   0.0 |      19 |       0 |   0.0
        D:6 |     344 |       0 |   0.0 |       6 |       0 |   0.0
        D:7 |     365 |       3 |   0.8 |       6 |       1 |  14.3
      Sewer |       0 |     221 | 100.0 |       0 |       4 | 100.0
            +---------+---------+-------+---------+---------+-------
